 Dungeon Crawl Stone Soup version 0.17-a0-1871-gdc8eb4e (webtiles) character file.

167 Herrn the Shield-Bearer (level 5, -4/42 HPs)
             Began as a Formicid Fighter on Sept 21, 2015.
             Slain by Crazy Yiuf
             ... wielding a +4 quarterstaff of chaos
              (19 damage)
             ... on level 2 of the Dungeon.
             The game lasted 00:06:54 (1444 turns).

Herrn the Shield-Bearer (Formicid Fighter)          Turns: 1444, Time: 00:06:55

Health: -4/42      AC:  7    Str: 21    XL:     5   Next: 76%
Magic:  5/5        EV:  9    Int:  8    God:
Gold:   163        SH: 10    Dex: 10    Spells: 0 memorised, 4 levels left

rFire  . . .     SeeInvis +     k - +2 halberd (venom)
rCold  . . .     Clarity  .     b - +0 scale mail
rNeg   . . .     SustAt   .     c - +0 shield
rPois  .         Gourm    .     (helmet unavailable)
rElec  .         Spirit   .     (no cloak)
rCorr  .         Warding  .     (no gloves)
rMut   .         Stasis   +     (no boots)
MR     .....                    (no amulet)
Stlth  ..........               (no ring)
                                i - +3 ring of slaying

@: not resistant to hostile enchantments, extremely unstealthy
A: permanent stasis, dig shafts and tunnels, four strong arms, antennae 3
a: Dig, Shaft Self


You were on level 2 of the Dungeon.
You were hungry.

You visited 1 branch of the dungeon, and saw 2 of its levels.

You collected 163 gold pieces.

Inventory:

Hand weapons
 a - a +0 war axe
 k - a +2 halberd of venom (weapon)
Armour
 b - a +0 scale mail (worn)
 c - a +0 shield (worn)
 l - a troll hide
Jewellery
 i - a +3 ring of slaying (left hand)
Scrolls
 f - a scroll of enchant armour {unknown}
 h - a scroll of fog {unknown}
 n - a scroll of recharging {unknown}
 o - 2 scrolls of identify {unknown}
Potions
 d - 3 potions of might
 m - a potion of invisibility {unknown}
Comestibles
 e - a bread ration
 g - a slice of pizza
 j - a meat ration
 p - a chunk of flesh


   Skills:
 + Level 4.0 Fighting
 * Level 2.8 Axes
 + Level 3.8 Armour
 * Level 2.0 Dodging
 + Level 5.0 Shields


You had 4 spell levels left.
You didn't know any spells.

Dungeon Overview and Level Annotations

Branches:
Dungeon (2/15)

Altars:
Ru

Annotations:
D:2 Crazy Yiuf


Innate Abilities, Weirdness & Mutations

You are under a permanent stasis effect.
You can dig through walls and to a lower floor.
Your four strong arms can wield two-handed weapons with a shield.
You have a pair of large antennae on your head (SInv).


Message History

You kill the rat!
You open the door.
Crazy Yiuf the Enlightened comes into view.
He is wielding a quarterstaff of chaos.
Crazy Yiuf shouts!
Crazy Yiuf says, "Crazy?
Crazy!?
PORCUPINE!"
Found a mace.
Attack whom?
Press: ? - help, Dir - move target cursor, f - Crazy Yiuf
Aim: Crazy Yiuf, wielding a quarterstaff of chaos and wearing a cloak You reach to attack!
You barely miss Crazy Yiuf. You closely miss Crazy Yiuf.
Crazy Yiuf glowers.
Crazy Yiuf hits you but does no damage.
You hit Crazy Yiuf.
Crazy Yiuf is poisoned.
Crazy Yiuf is moderately wounded.
Crazy Yiuf waves his quarterstaff at you.
Crazy Yiuf hits you with a quarterstaff of chaos!
You are electrocuted!
Crazy Yiuf hits you but does no damage.
You are electrocuted!
You die...

#### ...# ##.#
##.#######♣♣ ###
##.......#.♣♣ ♣♣#..)#
##
....##......♣♣♣♣@g...#
#.
.#.####......♣..♣#...#
#. .#######.#..♣.♣♣♣
### #######.
.....#>+##♣♣♣♣♣
#.....#. ####.#.#
#.....## #
#...######## #.....##
######.#.......
######.....##
##...#.........
....+.......
.....#.#####...
#.##.....##


You could see Crazy Yiuf.

Vanquished Creatures
  Robin (D:2)
  6 gnolls (D:2)
  2 adders (D:2)
  An ooze (D:2)
  2 worms (D:2)
  A giant gecko (D:2)
  2 ball pythons (D:2)
  2 bats
  6 giant cockroaches
  15 goblins
  8 hobgoblins
  5 jackals
  4 giant newts
  3 kobolds
  17 rats
75 creatures vanquished.

Notes
Turn   | Place    | Note
--------------------------------------------------------------
     0 | D:1      | Herrn the Formicid Fighter began the quest for the Orb.
     0 | D:1      | Reached XP level 1. HP: 18/18 MP: 1/1
   149 | D:1      | Reached XP level 2. HP: 24/24 MP: 2/2
   185 | D:1      | Reached skill level 4 in Shields
   341 | D:1      | Reached XP level 3. HP: 29/29 MP: 3/3
   764 | D:2      | Reached skill level 1 in Dodging
   808 | D:2      | Reached XP level 4. HP: 35/35 MP: 4/4
   854 | D:2      | Reached XP level 5. HP: 35/42 MP: 5/5
  1113 | D:2      | Found a sacrificial altar of Ru.
  1146 | D:2      | Reached skill level 5 in Shields
  1175 | D:2      | Noticed Robin
  1370 | D:2      | Killed Robin
  1440 | D:2      | Noticed Crazy Yiuf
  1444 | D:2      | Slain by Crazy Yiuf

Vault maps used:
D:1:      dpeg_arrival_ratfight
D:2:      xom_butterflies, nicolae_ru_sacrificial_ziggurat,
          uniq_crazy_yiuf_cottage, uniq_robin

Action                   |  1- 3 |  4- 6 || total
-------------------------+-------+-------++-------
Melee: War axe           |    88 |       ||    88
       Halberd           |     2 |    97 ||    99
 Abil: Dig               |     1 |     2 ||     3
  Eat: Chunk             |       |     2 ||     2
